Map: Acid Plant LE

Players

Nice

  • Race: Protoss Protoss
  • Spawn Location: 11:00

ShoWTimE - Winner!

  • Race: Protoss Protoss
  • Spawn Location: 5:00

Event: WCS Montreal 2018

VOD

Have the link to the VOD?

Description

Time

  • Played on: Sept. 7, 2018, 3:41 p.m.
  • Length: 5:50

All games in this series

Show
View Real Time Build Order
Export as new Build Order

Nice Protoss 

Build Orders: Phoenix Opening, Blink Stalkers 

Get SALT Encoding   

  12  0:00  Probe  
  13  0:12  Probe  
  14  0:19  Pylon  
  14  0:24  Probe  
  15  0:33  Probe  
  15  0:38  Gateway  
  15  0:41  Probe  
  16  0:46  Assimilator  
  17  0:51  Assimilator  
  17  0:53  Probe  
  18  1:01  Probe  
  18  1:09  Probe  
  20  1:19  Probe  
  21  1:27  Cybernetics Core  
  21  1:29  Pylon  
  21  1:31  Probe  
  22  1:44  Pylon, Probe  
  23  1:55  Stalker  
  23  1:56  Probe  
  24  2:03  Stargate  
  26  2:09  Warp Gate  
  26  2:24  Stalker  
  28  2:30  Pylon  
  31  2:53  Pylon  
  31  2:59  Phoenix  
  31  3:02  Shield Battery  
  31  3:05  Twilight Council  
  29  3:16  Stalker  
  31  3:22  Pylon  
  31  3:28  Blink  
  31  3:46  Stalker  
  31  3:47  Gateway  
  33  3:48  Gateway  
  33  4:14  Nexus  
  33  4:16  Probe  
  34  4:25  Stalker  
  36  4:38  Gateway  
  36  4:43  Stalker  
  38  4:48  Stalker  
  38  4:52  Probe  
  37  4:58  Pylon  
  37  5:02  Stalker  
  39  5:12  Pylon  
  38  5:15  Stalker x2  
  42  5:23  Probe  
  42  5:24  Pylon  
  42  5:27  Stalker  
  41  5:44  Stalker x2  
Show
View Real Time Build Order
Export as new Build Order

ShoWTimE Protoss - Winner!

Build Orders: Phoenix Opening 

Get SALT Encoding   

  12  0:00  Probe  
  13  0:12  Probe  
  14  0:17  Pylon  
  14  0:23  Probe  
  15  0:32  Probe  
  15  0:36  Gateway  
  15  0:40  Probe  
  16  0:46  Assimilator  
  17  0:50  Probe  
  17  0:54  Assimilator  
  18  0:58  Probe  
  19  1:06  Probe  
  19  1:10  Gateway  
  20  1:17  Probe  
  20  1:24  Cybernetics Core  
  21  1:29  Probe  
  22  1:34  Pylon  
  22  1:41  Probe  
  23  1:53  Probe  
  24  2:01  Adept x2, Warp Gate  
  28  2:10  Pylon  
  28  2:21  Stargate  
  28  2:28  Adept x2  
  32  2:55  Adept x2  
  32  2:56  Pylon  
  32  2:57  Phoenix  
  36  3:08  Shield Battery  
  38  3:20  Phoenix  
  40  3:31  Nexus  
  39  3:45  Phoenix  
  39  3:47  Probe  
  42  3:57  Robotics Facility  
  42  4:01  Probe  
  43  4:13  Probe  
  43  4:14  Pylon  
  44  4:25  Probe  
  44  4:26  Sentry  
  47  4:35  Immortal  
  51  4:54  Sentry  
  51  4:55  Shield Battery  
  51  4:56  Shield Battery  
  51  4:59  Pylon  
  53  5:05  Stalker  
  55  5:08  Probe, Observer  
  55  5:10  Probe  
  57  5:20  Probe  
  59  5:22  Stalker, Probe  
  66  5:38  Probe  
  68  5:47  Stalker  
Tags
 
Add a new tag
Caveats
  • Supply blocks, unpowered buildings, or Contaminate may cause inaccurate times.
  • Supply counts are checked every 10 seconds.